 Dungeon Crawl Stone Soup version 0.30-a0-1053-gbd8d5ba0ad (webtiles) character file.

Game seed: 4504291344152253755

117 GigaChad the Shield-Bearer (level 5, -2/42 HPs)
             Began as a Formicid Fighter on Apr 11, 2023.
             Slain by an orc
             ... wielding a +0 trident
              (7 damage)
             ... on level 3 of the Dungeon.
             The game lasted 00:04:03 (3491 turns).

GigaChad the Shield-Bearer (Formicid Fighter)       Turns: 3491, Time: 00:04:04

Health: -2/42      AC:  7    Str: 29    XL:     5   Next: 22%
Magic:  5/5        EV:  9    Int:  7    God:
Gold:   111        SH:  5    Dex: 13    Spells: 4/4 levels left

rFire   . . .      SeeInvis +    a - +0 war axe
rCold   . . .      Faith    .    c - +0 buckler
rNeg    . . .      Spirit   .    b - +0 scale mail
rPois   .          Reflect  .    (helmet unavailable)
rElec   .          Rampage  .    (no cloak)
rCorr   .                        (no gloves)
Will    .....                    (no boots) Stlth
                                 (no amulet)
HPRegen 0.27/turn                f - +6 ring of strength
MPRegen 0.09/turn                (no ring)

@: no status effects
A: permanent stasis, dig shafts and tunnels, antennae 3, four strong arms
a: Dig, Shaft Self


You were on level 3 of the Dungeon.
You visited 1 branch of the dungeon, and saw 3 of its levels.

You collected 111 gold pieces.

Inventory:

Hand Weapons
 a - a +0 war axe (weapon)
 j - a +1 antimagic spear
Armour
 b - a +0 scale mail (worn)
 c - a +0 buckler (worn)
Jewellery
 f - a +6 ring of strength (left hand)
 l - a ring of flight
Scrolls
 i - a scroll of amnesia {unknown}
 k - a scroll of fear
 o - 2 scrolls of noise
Potions
 d - a potion of might
 e - 2 potions of haste {unknown}
 g - 2 potions of mutation {unknown}
 h - 2 potions of attraction {unknown}
 m - a potion of flight {unknown}


   Skills:
 * Level 3.7 Fighting
 + Level 3.3 Axes
 * Level 4.2 Armour
 * Level 4.9 Shields


You had 4 spell levels left.
You didn't know any spells.
Your spell library contained the following spells:

 Spells                   Type           Power      Damage    Failure   Level
 Ensorcelled Hibernation  Hex/Ice        0%         N/A       87%         2
 Spider Form              Tmut/Pois      0%         N/A       98%         3
 Anguish                  Hex/Necr       0%         N/A       100%        4
 Summon Forest            Summ/Tloc      0%         N/A       100%        5
 Eringya's Noxious Bog    Tmut/Pois      0%         N/A       100%        6
 Summon Hydra             Summ           0%         N/A       100%        7


Dungeon Overview and Level Annotations

Branches:
Dungeon (3/15)

Altars:

Shops:
D:3 [


Innate Abilities, Weirdness & Mutations

You cannot be hasted, slowed, berserked, paralysed or teleported.
You can dig through walls and to a lower floor.
You have a pair of large antennae on your head. (SInv)
Your four strong arms can wield two-handed weapons with a shield.


Message History

There are monsters nearby!
You slash the orc!
You kill the orc!
You hit the orc but do no damage. The orc barely misses you.
The orc hits you but does no damage. You block the orc's attack.
The orc hits you but does no damage.
There are monsters nearby!
You closely miss the orc. The orc closely misses you. x2
You closely miss the orc.
The orc hits you with a +0 flail of protection.
The orc hits you from afar with a +0 trident.
You hit the orc.
The orc is lightly wounded.
The orc barely misses you.
The orc hits you from afar with a +0 trident.
The orc hits you with a +0 flail of protection.
The orc hits you but does no damage.
You hit the orc but do no damage.
The orc is lightly wounded.
The orc hits you but does no damage. The orc closely misses you.
You hit the orc.
The orc is moderately wounded.
You block the orc's attack. The orc barely misses you. x3
You hit the orc but do no damage.
The orc is moderately wounded.
The orc hits you with a +0 flail of protection.
The orc barely misses you.
You hit the orc.
The orc is heavily wounded.
You block the orc's attack.
The orc hits you from afar with a +0 trident.
You hit the orc.
The orc is almost dead.
The orc hits you with a +0 flail of protection.
* * * LOW HITPOINT WARNING * * *
The orc hits you from afar with a +0 trident!
* * * LOW HITPOINT WARNING * * *
You block the orc's attack.
The orc hits you from afar with a +0 trident!
You die...

###########
##############..........
#...................####
#........(............#
#...$.................#
#.....................##
#.......................
#....o).............####
#.....o@............#
########.##########.#
###...# #.#
#...############.#
###....#...........###
#..>.................##
#.#....#...........#..#
#.#.##########.###.##.#
# #. #.....##..


You could see 2 orcs.

Vanquished Creatures
  3 adders (D:2)
  A worm (D:2)
  4 dart slugs
  4 orcs (D:3)
  12 bats
  6 endoplasms
  5 giant cockroaches
  7 hobgoblins
  A quokka (D:2)
  3 ball pythons
  3 frilled lizards
  8 goblins
  6 kobolds
  3 rats
66 creatures vanquished.

Vanquished Creatures (collateral kills)
  2 orcs (D:3)
2 creatures vanquished.

Vanquished Creatures (others)
  A plant (D:1)
1 creature vanquished.

Grand Total: 69 creatures vanquished

Notes
Turn   | Place    | Note
-------+----------+-------------------------------------------
     0 | D:1      | GigaChad the Formicid Fighter began the quest for the Orb.
     0 | D:1      | Reached XP level 1. HP: 18/18 MP: 1/1
  1087 | D:1      | Reached XP level 2. HP: 22/22 MP: 2/2
  1386 | D:1      | Reached XP level 3. HP: 25/29 MP: 3/3
  2075 | D:2      | Reached XP level 4. HP: 35/35 MP: 4/4
  2835 | D:3      | Found Owywoph's Antique Armour Shoppe.
  2847 | D:3      | Reached XP level 5. HP: 30/41 MP: 5/5
  3491 | D:3      | Slain by an orc

Illustrated notes

Levels and vault maps discovered:
D:1:      lightli_arrival_statuegarden, layout_basic, minivault_14
D:2:      layout_loops_ring, palyth_stone_intersect
D:3:      layout_basic, serial_shops, shop_fountains, shop, shop,
          grunt_ministairs_8

Skill      XL: |  1  2  3  4 |
---------------+-------------+-----
Axes           | 3 |  3.3
Armour         | 4 |  4.2
Fighting       | |  3.7
Shields        | |  4.9

Action                     |  1- 3 |  4- 6 || total
---------------------------+-------+-------++-------
  Melee: War axe           |    83 |    98 ||   181
Ability: Dig               |     2 |       ||     2
    Use: Scroll            |     1 |     8 ||     9
 Armour: Scale mail        |    33 |    45 ||    78
  Dodge: Dodged            |    39 |    50 ||    89
  Block: Buckler           |    22 |    26 ||    48

Table legend: (Time is in decaauts)
 A = Elapsed time spent in this place.
 B = Non-inter-level travel time spent in this place.
 C = Inter-level travel time spent in this place.
 D = Time resting spent in this place.
 E = Time spent auto-exploring this place.
 F = Levels seen in this place.
 G = Mean time per level.
                   A        B        C        D        E       F      G
               +--------+--------+--------+--------+--------+-----+--------+
         Total |   3558 |   3546 |     12 |   1176 |   1837 |   3 | 1186.0 |
       Dungeon |   3558 |   3546 |     12 |   1176 |   1837 |   3 | 1186.0 |
               +--------+--------+--------+--------+--------+-----+--------+

Top non-repeatable levels by time:
     D:1: 1891 daAuts
     D:2: 841 daAuts
     D:3: 826 daAuts
